ITL
OTSEGO BULLDOGS @ CAPE COD CLAMS
06/16/2027
 
TOP OF THE 1ST
Otsego Bulldogs batting - Pitching for Cape Cod Clams : RHP Alberto Parra
Pitching: RHP Alberto Parra
Batting: RHB Luis Antonio Velásquez 0-0: Foul Ball, location: 2F
0-1: Foul Ball, location: 2F
0-2: Ball
1-2: SINGLE (Flyball, 9S)
Batting: RHB Armando Cuevas 0-0: Ball
1-0: Ball
2-0: Ball
3-0: Called Strike
3-1: Base on Balls
Luis Antonio Velásquez to second
Batting: RHB Felipe Rodríguez 0-0: Swinging Strike
0-1: Ball
1-1: Called Strike
1-2: Foul Ball, location: 2F
1-2: Strikes out swinging
Batting: RHB Jorge Cisneros 0-0: Called Strike
0-1: Grounds into double play, 4-6-3 (Groundball, 4)
Top of the 1st over - 0 run(s), 1 hit(s), 0 error(s), 1 left on base; Otsego 0 - Cape Cod 0
BOTTOM OF THE 1ST
Cape Cod Clams batting - Pitching for Otsego Bulldogs : RHP Tim Hill
Pitching: RHP Tim Hill
Batting: RHB Max Jones 0-0: Ball
1-0: Foul Ball, location: 2F
1-1: Swinging Strike
1-2: Ball
2-2: Ball
3-2: SINGLE (Groundball, 6MD)
Batting: RHB Yasuhiro Kobayashi 0-0: Called Strike
0-1: Ball
1-1: Ball
2-1: Ball
3-1: DOUBLE (Line Drive, 9LS)
Max Jones to third
Batting: RHB Carlos García 0-0: Ball
1-0: Ball
2-0: SINGLE (Groundball, 6MD)
Max Jones scores
Yasuhiro Kobayashi to third
Runner from 3rd tries for Home, SAFE, throw made home
Carlos García to second
Batting: LHB Sixto Cantú 0-0: Called Strike
0-1: Ball
1-1: Called Strike
1-2: Foul Ball, location: 2F
1-2: SINGLE (Groundball, 5D)
Carlos García to third
Runner from 3rd tries for Home, SAFE, throw made home
Batting: RHB Kenny Cole 0-0: Ball
1-0: Called Strike
1-1: Called Strike
1-2: Fly out, F7 (Flyball, 78M)
Batting: RHB António Magana 0-0: Ball
1-0: Ground out 5-3 (Groundball, 56S)
Sixto Cantú to second
Batting: RHB Andrew Good 0-0: Swinging Strike
0-1: Ball
1-1: Foul Ball, location: 2F
1-2: Ball
2-2: Ground out 5-3 (Groundball, 5)
Bottom of the 1st over - 3 run(s), 4 hit(s), 0 error(s), 1 left on base; Otsego 0 - Cape Cod 3
TOP OF THE 2ND
Otsego Bulldogs batting - Pitching for Cape Cod Clams : RHP Alberto Parra
Batting: RHB Jim Beck 0-0: Called Strike
0-1: Ball
1-1: Ball
2-1: Ball
3-1: Ground out 6-3 (Groundball, 6)
Batting: RHB Ramiro Chávez 0-0: Ball
1-0: Ground out 5-3 (Groundball, 56)
Batting: RHB Juan Pérez 0-0: Called Strike
0-1: Called Strike
0-2: Strikes out looking
Top of the 2nd over - 0 run(s), 0 hit(s), 0 error(s), 0 left on base; Otsego 0 - Cape Cod 3
BOTTOM OF THE 2ND
Cape Cod Clams batting - Pitching for Otsego Bulldogs : RHP Tim Hill
Batting: RHB Vern Carlton 0-0: Ball
1-0: Foul Ball, location: 2F
1-1: DOUBLE (Groundball, 5L)
Batting: RHB John Pick 0-0: Fly out, F2 (Popup, 3S)
Batting: RHB Max Jones 0-0: Ball
1-0: Ball
2-0: Swinging Strike
2-1: Called Strike
2-2: Ball
3-2: Ground out 5-3 (Groundball, 56S)
Vern Carlton to third
Batting: RHB Yasuhiro Kobayashi 0-0: SINGLE (Groundball, 34D)
Vern Carlton scores
Batting: RHB Carlos García 0-0: Swinging Strike
0-1: Called Strike
0-2: Foul Ball, location: 2F
0-2: Ball
1-2: Ball
2-2: Foul Ball, location: 2F
2-2: Ball
3-2: Strikes out looking
Bottom of the 2nd over - 1 run(s), 2 hit(s), 0 error(s), 1 left on base; Otsego 0 - Cape Cod 4
TOP OF THE 3RD
Otsego Bulldogs batting - Pitching for Cape Cod Clams : RHP Alberto Parra
Batting: RHB Felipe Rego 0-0: Ball
1-0: Ball
2-0: Called Strike
2-1: Swinging Strike
2-2: Ball
3-2: Strikes out swinging
Batting: LHB Martin Davis 0-0: Ball
1-0: Foul Ball, location: 2F
1-1: Ball
2-1: Fly out, F4 (Popup, 4D)
Batting: RHB Luis Antonio Velásquez 0-0: Ball
1-0: Called Strike
1-1: Hit by Pitch
Batting: RHB Armando Cuevas 0-0: Ball
1-0: Foul Ball, location: 2F
1-1: Called Strike
1-2: Foul Ball, location: 2F
1-2: Ground out 2-3 (Groundball, 2R)
Top of the 3rd over - 0 run(s), 0 hit(s), 0 error(s), 1 left on base; Otsego 0 - Cape Cod 4
BOTTOM OF THE 3RD
Cape Cod Clams batting - Pitching for Otsego Bulldogs : RHP Tim Hill
Batting: LHB Sixto Cantú 0-0: Ball
1-0: Swinging Strike
1-1: Ball
2-1: Fly out, F7 (Line Drive, 78M)
Batting: RHB Kenny Cole 0-0: Called Strike
0-1: Swinging Strike
0-2: SINGLE (Flyball, 9LS)
Batting: RHB António Magana 0-0: Ball
1-0: Swinging Strike
1-1: Called Strike
1-2: Ball
2-2: Foul Ball, location: 2F
2-2: Ball
3-2: Fly out, F7 (Flyball, 78M)
Batting: RHB Andrew Good 0-0: Called Strike
0-1: SINGLE (Groundball, 5D)
Kenny Cole to second
Batting: RHB Vern Carlton 0-0: Called Strike
0-1: Ball
1-1: Foul Ball, location: 2F
1-2: SINGLE (Groundball, 56S) (infield hit)
Kenny Cole to third
Andrew Good to second
Batting: RHB John Pick 0-0: Swinging Strike
0-1: Called Strike
0-2: Ball
1-2: Foul Ball, location: 2F
1-2: Strikes out swinging
Bottom of the 3rd over - 0 run(s), 3 hit(s), 0 error(s), 3 left on base; Otsego 0 - Cape Cod 4
TOP OF THE 4TH
Otsego Bulldogs batting - Pitching for Cape Cod Clams : RHP Alberto Parra
Batting: RHB Felipe Rodríguez 0-0: Ball
1-0: Swinging Strike
1-1: Called Strike
1-2: Fly out, F6 (Popup, 5D)
Batting: RHB Jorge Cisneros 0-0: Called Strike
0-1: Swinging Strike
0-2: Ball
1-2: Strikes out swinging
Batting: RHB Jim Beck 0-0: Foul Ball, location: 2F
0-1: Swinging Strike
0-2: Ball
1-2: Foul Ball, location: 2F
1-2: Strikes out swinging
Top of the 4th over - 0 run(s), 0 hit(s), 0 error(s), 0 left on base; Otsego 0 - Cape Cod 4
BOTTOM OF THE 4TH
Cape Cod Clams batting - Pitching for Otsego Bulldogs : RHP Tim Hill
Batting: RHB Max Jones 0-0: Called Strike
0-1: Ground out 4-3 (Groundball, 4)
Batting: RHB Yasuhiro Kobayashi 0-0: Swinging Strike
0-1: Swinging Strike
0-2: Strikes out swinging
Batting: RHB Carlos García 0-0: Foul Ball, location: 2F
0-1: Ball
1-1: Ball
2-1: Ball
3-1: SINGLE (Groundball, 6S) (infield hit)
Batting: LHB Sixto Cantú 0-0: Swinging Strike
0-1: Ball
1-1: Foul Ball, location: 2F
1-2: Strikes out swinging
Bottom of the 4th over - 0 run(s), 1 hit(s), 0 error(s), 1 left on base; Otsego 0 - Cape Cod 4
TOP OF THE 5TH
Otsego Bulldogs batting - Pitching for Cape Cod Clams : RHP Alberto Parra
Batting: RHB Ramiro Chávez 0-0: Ball
1-0: Ball
2-0: Ball
3-0: Foul Ball, location: 2F
3-1: Base on Balls
Batting: RHB Juan Pérez 0-0: Foul Ball, location: 2F
0-1: Foul Ball, location: 2F
0-2: SINGLE (Groundball, 4MD)
Ramiro Chávez to second
Batting: RHB Felipe Rego 0-0: Called Strike
0-1: Ball
1-1: Foul Ball, location: 2F
1-2: Ball
2-2: DOUBLE (Line Drive, 7LM)
Ramiro Chávez scores
Juan Pérez to third
Batting: LHB Martin Davis 0-0: Ball
1-0: Ground out 4-3 (Groundball, 4)
Juan Pérez scores
Felipe Rego to third
Batting: RHB Luis Antonio Velásquez 0-0: Called Strike
0-1: Foul Ball, location: 2F
0-2: Ball
1-2: Ball
2-2: Strikes out swinging
Batting: RHB Armando Cuevas 0-0: Ball
1-0: Foul Ball, location: 2F
1-1: Ball
2-1: Called Strike
2-2: Ground out 6-3 (Groundball, 56)
Top of the 5th over - 2 run(s), 2 hit(s), 0 error(s), 1 left on base; Otsego 2 - Cape Cod 4
BOTTOM OF THE 5TH
Cape Cod Clams batting - Pitching for Otsego Bulldogs : RHP Tim Hill
Pitching: LHP Jeff Hardin
Batting: RHB Kenny Cole 0-0: Called Strike
0-1: SINGLE (Groundball, 6MD)
Batting: RHB António Magana 0-0: Foul Ball, location: 2F
0-1: Called Strike
0-2: Ball
1-2: Strikes out swinging
Batting: RHB Andrew Good 0-0: Fly out, F6 (Popup, 6D)
Batting: RHB Vern Carlton 0-0: Ball
1-0: Called Strike
1-1: Called Strike
1-2: Ball
2-2: Ball
3-2: Base on Balls
Kenny Cole to second
Batting: RHB John Pick 0-0: Called Strike
0-1: Called Strike
0-2: Ball
1-2: Ground out 5-3 (Groundball, 56)
Bottom of the 5th over - 0 run(s), 1 hit(s), 0 error(s), 2 left on base; Otsego 2 - Cape Cod 4
TOP OF THE 6TH
Otsego Bulldogs batting - Pitching for Cape Cod Clams : RHP Alberto Parra
Batting: RHB Felipe Rodríguez 0-0: Ball
1-0: Called Strike
1-1: Called Strike
1-2: Ball
2-2: Strikes out swinging
Batting: RHB Jorge Cisneros 0-0: Ground out 5-3 (Groundball, 56S)
Batting: RHB Jim Beck 0-0: Called Strike
0-1: Ground out 3-1 (Groundball, 34)
Top of the 6th over - 0 run(s), 0 hit(s), 0 error(s), 0 left on base; Otsego 2 - Cape Cod 4
BOTTOM OF THE 6TH
Cape Cod Clams batting - Pitching for Otsego Bulldogs : LHP Jeff Hardin
Batting: RHB Max Jones 0-0: Ball
1-0: Called Strike
1-1: Swinging Strike
1-2: Foul Ball, location: 2F
1-2: Ball
2-2: Strikes out swinging
Batting: RHB Yasuhiro Kobayashi 0-0: Called Strike
0-1: Foul Ball, location: 2F
0-2: Ground out 5-3 (Groundball, 5)
Batting: RHB Carlos García 0-0: Ground out 5-3 (Groundball, 5L)
Bottom of the 6th over - 0 run(s), 0 hit(s), 0 error(s), 0 left on base; Otsego 2 - Cape Cod 4
TOP OF THE 7TH
Otsego Bulldogs batting - Pitching for Cape Cod Clams : RHP Alberto Parra
Pitching: RHP Raúl Flores
Batting: RHB Ramiro Chávez 0-0: Called Strike
0-1: Fly out, F7 (Flyball, 78S)
Batting: RHB Juan Pérez 0-0: Ball
1-0: Ball
2-0: Called Strike
2-1: Ball
3-1: Base on Balls
Batting: RHB Felipe Rego 0-0: Called Strike
0-1: SINGLE (Groundball, 56D)
Juan Pérez to second
Pitching: LHP Javier Luna
Batting: LHB Martin Davis 0-0: Swinging Strike
0-1: Ball
1-1: Ball
2-1: Foul Ball, location: 2F
2-2: SINGLE (Groundball, 6D)
Juan Pérez to third
Felipe Rego to second
Runner from 3rd tries for Home, SAFE, no throw
Pitching: RHP Claudio Rivera
Batting: RHB Luis Antonio Velásquez 0-0: Swinging Strike
0-1: Ball
1-1: Called Strike
1-2: Ball
2-2: Strikes out swinging
Batting: RHB Armando Cuevas 0-0: Ball
1-0: Ball
2-0: Foul Ball, location: 2F
2-1: Ball
3-1: Base on Balls
Felipe Rego to third
Martin Davis to second
Batting: RHB Felipe Rodríguez 0-0: Swinging Strike
0-1: Foul Ball, location: 2F
0-2: Foul Ball, location: 2F
0-2: Foul Ball, location: 2F
0-2: Ball
1-2: Ball
2-2: Foul Ball, location: 2F
2-2: Fly out, F7 (Flyball, 7S)
Top of the 7th over - 1 run(s), 2 hit(s), 0 error(s), 3 left on base; Otsego 3 - Cape Cod 4
BOTTOM OF THE 7TH
Cape Cod Clams batting - Pitching for Otsego Bulldogs : LHP Jeff Hardin
Batting: LHB Sixto Cantú 0-0: Ball
1-0: Foul Ball, location: 2F
1-1: Ball
2-1: Foul Ball, location: 2F
2-2: Strikes out swinging
Batting: RHB Kenny Cole 0-0: Ball
1-0: DOUBLE (Line Drive, 78D)
Batting: RHB António Magana 0-0: Ball
1-0: Fly out, F3 (Line Drive, 3L)
Batting: RHB Andrew Good 0-0: Ball
1-0: Ground out 4-3 (Groundball, 4M)
Bottom of the 7th over - 0 run(s), 1 hit(s), 0 error(s), 1 left on base; Otsego 3 - Cape Cod 4
TOP OF THE 8TH
Otsego Bulldogs batting - Pitching for Cape Cod Clams : RHP Claudio Rivera
Pitching: RHP Patrick Doyle
Batting: RHB Jorge Cisneros 0-0: Ball
1-0: Ball
2-0: Ball
3-0: Called Strike
3-1: Foul Ball, location: 2F
3-2: Strikes out swinging
Batting: RHB Jim Beck 0-0: Foul Ball, location: 2F
0-1: Foul Ball, location: 2F
0-2: Ground out 5-3 (Groundball, 56S)
Batting: RHB Ramiro Chávez 0-0: Fly out, F4 (Line Drive, 34)
Top of the 8th over - 0 run(s), 0 hit(s), 0 error(s), 0 left on base; Otsego 3 - Cape Cod 4
BOTTOM OF THE 8TH
Cape Cod Clams batting - Pitching for Otsego Bulldogs : LHP Jeff Hardin
Batting: RHB Vern Carlton 0-0: Ball
1-0: SINGLE (Line Drive, 7LS)
Batting: RHB John Pick 0-0: Ball
1-0: Ball
2-0: Ball
3-0: Base on Balls
Vern Carlton to second
Pitching: RHP Dave Smith
Batting: RHB Max Jones 0-0: Bunt missed!
0-1: Sac Bunt - play at first, batter OUT! 3-4
Vern Carlton to third
John Pick to second
Batting: RHB Yasuhiro Kobayashi 0-0: Ball
1-0: SINGLE (Line Drive, 9S)
Vern Carlton scores
John Pick to third
Batting: RHB Carlos García 0-0: Swinging Strike
0-1: Ground out 3-1 (Groundball, 34S)
Yasuhiro Kobayashi to second
Pitching: LHP Mario Solíz
Pinch Hitting: RHB Marcos Castillo 0-0: Ball
1-0: Ground out 1-3 (Groundball, P)
Bottom of the 8th over - 1 run(s), 2 hit(s), 0 error(s), 2 left on base; Otsego 3 - Cape Cod 5
TOP OF THE 9TH
Otsego Bulldogs batting - Pitching for Cape Cod Clams : RHP Patrick Doyle
Pitching: RHP Juan Reyes
Now at 2B: Marcos Castillo
Batting: RHB Juan Pérez 0-0: Fly out, F8 (Flyball, 78M)
Batting: RHB Felipe Rego 0-0: Ball
1-0: Called Strike
1-1: Swinging Strike
1-2: Strikes out swinging
Batting: LHB Martin Davis 0-0: Ground out U3 (Groundball, 34)
Top of the 9th over - 0 run(s), 0 hit(s), 0 error(s), 0 left on base; Otsego 3 - Cape Cod 5
Thursday, March 30th, 2017 - OOTP Baseball 17.12 Build 75